 Dungeon Crawl Stone Soup version 0.30.1-11-g7821555f0a (webtiles) character file.

Game seed: 1567135277134562400

10 RancidPinata the Sneak (level 2, -5/19 HPs)
             Began as a Gargoyle Delver on Dec 29, 2023.
             Slain by a sleepcap (7 damage)
             ... on level 4 of the Dungeon.
             The game lasted 00:01:47 (236 turns).

RancidPinata the Sneak (Gargoyle Delver)             Turns: 236, Time: 00:01:48

Health: -5/19      AC:  5    Str: 15    XL:     2   Next: 20%
Magic:  2/2        EV: 11    Int: 10    God:
Gold:   30         SH:  0    Dex: 11    Spells: 1/1 levels left

rFire   . . .        a - +0 short sword
rCold   . . .        (no shield)
rNeg    + . .        b - +0 leather armour
rPois   ∞            (no helmet)
rElec   +            (no cloak)
rCorr   .            (no gloves)
SInv    .            (no boots)
Will    .....        (no amulet)
Stlth   +++          (no ring)
HPRegen 0.23/turn    (no ring)
MPRegen 0.08/turn

%: no passive effects
@: no status effects
A: sickness immunity, AC +2, negative energy resistance 1, electricity
resistance, torment resistance 1, petrification resistance
a: no special abilities


You were on level 4 of the Dungeon.
You visited 1 branch of the dungeon, and saw 3 of its levels.

You collected 30 gold pieces.

Inventory:

Hand Weapons
 a - a +0 short sword (weapon)
Missiles
 i - 3 stones (quivered)
Armour
 b - a +0 leather armour (worn)
Jewellery
 l - a ring of protection from cold
Wands
 g - a wand of digging (3)
 h - a wand of polymorph (9)
 k - a wand of roots (6)
Scrolls
 c - a scroll of fog
 d - a scroll of magic mapping
 e - a scroll of fear
 j - 2 scrolls of amnesia {unknown}
Potions
 f - a potion of haste


   Skills:
 * Level 3.5 Fighting
 + Level 1.9 Short Blades
 * Level 1.0 Armour
 + Level 1.6 Dodging
 + Level 5.5 Stealth


You had one spell level left.
You didn't know any spells.
Your spell library was empty.

Dungeon Overview and Level Annotations

Branches:
Dungeon (6/15)
 Temple: D:4-7

Altars:


Innate Abilities, Weirdness & Mutations

You are immune to sickness and miasma.
Your stone body is resilient. (AC +2)
You are immune to poison.
You resist negative energy. (rN+)
You are resistant to electric shocks. (rElec)
You are resistant to unholy torment.
You are immune to petrification.


Message History

An ufetubus comes into view.
Found a smoky pink potion.
The ball python hisses angrily.
The goblin shouts!
The ball python attacks as you move away!
The ball python barely misses you. The ball python closely misses you.
The ball python misses you.
The ball python bites you but does no damage.
The ball python barely misses you.
There is a stone staircase leading down here.
The ball python bites you but does no damage.
The ball python closely misses you.
You closely miss the ball python.
The ball python bites you but does no damage.
The ball python barely misses you.
You hit the ball python.
You kill the ball python!
The sleepcap releases spores at you but does no damage.
You see here a ball python corpse.
You hit the sleepcap but do no damage. The sleepcap releases spores at you.
You hit the sleepcap.
The sleepcap is lightly damaged.
The sleepcap releases spores at you but does no damage.
You hit the sleepcap but do no damage.
The sleepcap is lightly damaged.
The sleepcap releases spores at you.
You hit the sleepcap but do no damage.
The sleepcap is lightly damaged.
The sleepcap releases spores at you.
You hit the sleepcap but do no damage.
The sleepcap is lightly damaged.
The sleepcap releases spores at you.
You hit the sleepcap.
The sleepcap is moderately damaged.
The sleepcap releases spores at you!
* * * LOW HITPOINT WARNING * * *
You hit the sleepcap but do no damage.
The sleepcap is moderately damaged.
The sleepcap releases spores at you!
You die...

############
........@fg#
##########.#
#.#########
#.f........
#..........
...............
...!...........
5...............
................


You could see a sleepcap and a goblin.

Vanquished Creatures
  An adder (D:5)
  A ball python (D:4)
2 creatures vanquished.

Notes
Turn   | Place    | Note
-------+----------+-------------------------------------------
     0 | D:5      | RancidPinata the Gargoyle Delver began the quest for the
                  | Orb.
     0 | D:5      | Reached XP level 1. HP: 14/14 MP: 1/1
    97 | D:6      | Noticed an iguana
   165 | D:5      | Reached skill level 1 in Armour
   165 | D:5      | Reached XP level 2. HP: 16/19 MP: 2/2
   180 | D:5      | Noticed a water moccasin
   236 | D:4      | Slain by a sleepcap

Illustrated notes

Levels and vault maps discovered:
D:4:      layout_basic, minmay_misc_feat_cross
D:5:      layout_gridville, gammafunk_ghost_split
D:6:      layout_loops_ring, serial_shops, shop

Skill      XL: |  1 |
---------------+----+-----
Armour         | 1 |  1.0
Fighting       | |  3.5
Short Blades   | |  1.9
Dodging        | |  1.6
Stealth        | |  5.5

Action                     || total
---------------------------++-------
  Melee: Short sword       ||    15
 Armour: Leather armour    ||     5
  Dodge: Dodged            ||    11
